| TOP OF THE 1ST |
|
Detroit (APP) Tigers batting - Pitching for Princeton Rays : RHP Ruben Requena
|
|
Pitching: RHP Ruben Requena
|
|
|
Batting: RHB Jon Goldstein
|
0-0: Called Strike 0-1: Swinging Strike 0-2: Strikes out swinging
|
|
Batting: RHB Brandon O'Malley
|
0-0: Called Strike 0-1: Ground out 1-3 (Groundball, 13S, EV 66.9 MPH)
|
|
Batting: LHB Bill Ford
|
0-0: Ball 1-0: Foul Ball, location: 2F 1-1: Ball 2-1: Swinging Strike 2-2: Strikes out swinging
|
| Top of the 1st over - 0 runs, 0 hits, 0 errors, 0 left on base; Detroit (APP) 0 - Princeton 0 |
| BOTTOM OF THE 1ST |
|
Princeton Rays batting - Pitching for Detroit (APP) Tigers : LHP Satoru Mori
|
|
Pitching: LHP Satoru Mori
|
|
|
Batting: RHB Chris Thorson
|
0-0: Ground out 5-3 (Groundball, 56S, EV 82.5 MPH)
|
|
Batting: SHB Berthold Frey
|
0-0: Foul Ball, location: 2F 0-1: Foul Ball, location: 2F 0-2: Foul Ball, location: 2F 0-2: Ball 1-2: Foul Ball, location: 2F 1-2: Ball 2-2: Ball 3-2: Fly out, F8 (Flyball, 8RM, EV 85.0 MPH)
|
|
Batting: LHB Rocky Crowley
|
0-0: Called Strike 0-1: Foul Ball, location: 2F 0-2: Foul Ball, location: 2F 0-2: Ball 1-2: Ball 2-2: Ball 3-2: Foul Ball, location: 2F 3-2: Base on Balls
|
|
Batting: SHB Wayne Hattan
|
0-0: Ball 1-0: Foul Ball, location: 2F 1-1: Foul Ball, location: 2F 1-2: Ball 2-2: Ball 3-2: Foul Ball, location: 2F 3-2: DOUBLE (Line Drive, 89D, EV 108.1 MPH) Rocky Crowley to third Rocky Crowley scores
|
|
Batting: RHB Dan Marks
|
0-0: Ball 1-0: Foul Ball, location: 2F 1-1: Ground out 6-3 (Groundball, 6, EV 81.2 MPH)
|
| Bottom of the 1st over - 1 run, 1 hit, 0 errors, 1 left on base; Detroit (APP) 0 - Princeton 1 |
| TOP OF THE 2ND |
|
Detroit (APP) Tigers batting - Pitching for Princeton Rays : RHP Ruben Requena
|
|
Batting: SHB Sean Foley
|
0-0: Called Strike 0-1: Ball 1-1: Ball 2-1: Foul Ball, location: 2F 2-2: Ball 3-2: Strikes out swinging
|
|
Batting: LHB Tokugoro Adachi
|
0-0: Called Strike 0-1: Ground out 5-3 (Groundball, 5L, EV 108.1 MPH)
|
|
Batting: RHB Mike Sebastian
|
0-0: Ball 1-0: Called Strike 1-1: Called Strike 1-2: Strikes out swinging
|
| Top of the 2nd over - 0 runs, 0 hits, 0 errors, 0 left on base; Detroit (APP) 0 - Princeton 1 |
| BOTTOM OF THE 2ND |
|
Princeton Rays batting - Pitching for Detroit (APP) Tigers : LHP Satoru Mori
|
|
Batting: SHB Lou Kroneman
|
0-0: Ball 1-0: Fly out, F9 (Line Drive, 9, EV 91.9 MPH)
|
|
Batting: RHB Kunizo Yanagisawa
|
0-0: Ball 1-0: Ground out 6-3 (Groundball, 6, EV 88.1 MPH)
|
|
Batting: LHB Josh Redfern
|
0-0: Ball 1-0: Foul Ball, location: 2F 1-1: Ball 2-1: Ground out 6-3 (Groundball, 6, EV 93.8 MPH)
|
| Bottom of the 2nd over - 0 runs, 0 hits, 0 errors, 0 left on base; Detroit (APP) 0 - Princeton 1 |
| TOP OF THE 3RD |
|
Detroit (APP) Tigers batting - Pitching for Princeton Rays : RHP Ruben Requena
|
|
Batting: RHB Billy Verdusco
|
0-0: Swinging Strike 0-1: Foul Ball, location: 2F 0-2: Ball 1-2: Ground out 5-3 (Groundball, 56, EV 90.6 MPH)
|
|
Batting: RHB Jamie Villagrana
|
0-0: Called Strike 0-1: Ball 1-1: Called Strike 1-2: Ball 2-2: Foul Ball, location: 2F 2-2: Foul Ball, location: 2F 2-2: Strikes out swinging
|
|
Batting: RHB Cory Wilkins
|
0-0: Ground out 4-3 (Groundball, 4, EV 101.9 MPH)
|
| Top of the 3rd over - 0 runs, 0 hits, 0 errors, 0 left on base; Detroit (APP) 0 - Princeton 1 |
| BOTTOM OF THE 3RD |
|
Princeton Rays batting - Pitching for Detroit (APP) Tigers : LHP Satoru Mori
|
|
Batting: RHB Jim Erdody
|
0-0: Ground out 2-3 (Groundball, 2L, EV 68.8 MPH)
|
|
Batting: RHB Chris Thorson
|
0-0: DOUBLE (Groundball, 5L, EV 103.1 MPH)
|
|
Batting: SHB Berthold Frey
|
0-0: Ball Chris Thorson steals 3rd base 1-0: Ball 2-0: Ball Wild Pitch! Chris Thorson scores 3-0: Base on Balls
|
|
Batting: LHB Rocky Crowley
|
0-0: Ball 1-0: Called Strike 1-1: Foul Ball, location: 2F 1-2: Ball 2-2: Ball 3-2: Base on Balls Berthold Frey to second
|
|
Batting: SHB Wayne Hattan
|
0-0: Ball 1-0: Called Strike 1-1: Ball 2-1: Foul Ball, location: 2F 2-2: Foul Ball, location: 2F 2-2: Ball 3-2: Fly out, F7 (Flyball, 7S, EV 75.6 MPH)
|
|
Batting: RHB Dan Marks
|
0-0: Called Strike 0-1: Ball 1-1: Foul Ball, location: 2F 1-2: Ball 2-2: Foul Ball, location: 2F 2-2: Ball 3-2: Base on Balls Berthold Frey to third Rocky Crowley to second
|
|
Batting: SHB Lou Kroneman
|
0-0: Called Strike 0-1: Ball 1-1: Fly out, F6 (Popup, 6M, EV 76.9 MPH)
|
| Bottom of the 3rd over - 1 run, 1 hit, 0 errors, 3 left on base; Detroit (APP) 0 - Princeton 2 |
| TOP OF THE 4TH |
|
Detroit (APP) Tigers batting - Pitching for Princeton Rays : RHP Ruben Requena
|
|
Batting: RHB Jon Goldstein
|
0-0: Fly out, F9 (Flyball, 89D, EV 105.6 MPH)
|
|
Batting: RHB Brandon O'Malley
|
0-0: Ball 1-0: Ball 2-0: Foul Ball, location: 2F 2-1: Ball 3-1: Base on Balls
|
|
Batting: LHB Bill Ford
|
0-0: Called Strike 0-1: Swinging Strike 0-2: Ball 1-2: Strikes out looking
|
|
Batting: SHB Sean Foley
|
0-0: Called Strike Brandon O'Malley steals 2nd base (no throw) 0-1: Ball 1-1: Swinging Strike 1-2: Foul Ball, location: 2F 1-2: Ball 2-2: Foul Ball, location: 2F 2-2: Strikes out swinging
|
| Top of the 4th over - 0 runs, 0 hits, 0 errors, 1 left on base; Detroit (APP) 0 - Princeton 2 |
| BOTTOM OF THE 4TH |
|
Princeton Rays batting - Pitching for Detroit (APP) Tigers : LHP Satoru Mori
|
|
Batting: RHB Kunizo Yanagisawa
|
0-0: Ball 1-0: Ground out 5-3 (Groundball, 5, EV 101.9 MPH)
|
|
Batting: LHB Josh Redfern
|
0-0: Called Strike 0-1: Ball 1-1: Ball 2-1: Swinging Strike 2-2: Foul Ball, location: 2F 2-2: Reached on error, E5 (Groundball, 56, EV 82.5 MPH)
|
|
Batting: RHB Jim Erdody
|
0-0: Swinging Strike 0-1: Swinging Strike 0-2: Foul Ball, location: 2F 0-2: Ball 1-2: Strikes out swinging
|
|
Batting: RHB Chris Thorson
|
0-0: Ball 1-0: Called Strike 1-1: Called Strike 1-2: SINGLE (Groundball, 4M, EV 98.8 MPH) (infield hit) Josh Redfern to second
|
|
Batting: SHB Berthold Frey
|
0-0: Called Strike 0-1: Ball 1-1: Ball 2-1: Fielders Choice at 2nd, 6-4 (Groundball, 6, EV 86.9 MPH)
|
| Bottom of the 4th over - 0 runs, 1 hit, 1 error, 2 left on base; Detroit (APP) 0 - Princeton 2 |
| TOP OF THE 5TH |
|
Detroit (APP) Tigers batting - Pitching for Princeton Rays : RHP Ruben Requena
|
|
Batting: LHB Tokugoro Adachi
|
0-0: Ball 1-0: Swinging Strike 1-1: Foul Ball, location: 2F 1-2: Ball 2-2: Foul Ball, location: 2F 2-2: Strikes out swinging
|
|
Batting: RHB Mike Sebastian
|
0-0: Called Strike 0-1: Called Strike 0-2: Ball 1-2: Ball 2-2: Strikes out swinging
|
|
Batting: RHB Billy Verdusco
|
0-0: Ball 1-0: Called Strike 1-1: SINGLE (Groundball, 4M, EV 101.9 MPH)
|
|
Batting: RHB Jamie Villagrana
|
0-0: Ball Billy Verdusco steals 2nd base 1-0: Ball 2-0: Ball 3-0: Base on Balls
|
|
Batting: RHB Cory Wilkins
|
0-0: Called Strike 0-1: Foul Ball, location: 2F 0-2: Foul Ball, location: 2F 0-2: Foul Ball, location: 2F 0-2: Ball 1-2: TRIPLE (Flyball, 89XD, EV 95.0 MPH) Billy Verdusco scores Jamie Villagrana scores
|
|
Batting: RHB Jon Goldstein
|
0-0: Ball 1-0: Called Strike 1-1: Ball 2-1: Called Strike 2-2: Foul Ball, location: 2F 2-2: Strikes out swinging, 2-3 out at first.
|
| Top of the 5th over - 2 runs, 2 hits, 0 errors, 1 left on base; Detroit (APP) 2 - Princeton 2 |
| BOTTOM OF THE 5TH |
|
Princeton Rays batting - Pitching for Detroit (APP) Tigers : LHP Satoru Mori
|
|
Batting: LHB Rocky Crowley
|
0-0: Ball 1-0: Ground out 6-3 (Groundball, 6, EV 88.8 MPH)
|
|
Batting: SHB Wayne Hattan
|
0-0: Called Strike 0-1: Swinging Strike 0-2: Ball 1-2: Strikes out swinging
|
|
Batting: RHB Dan Marks
|
0-0: Ball 1-0: Fly out, F9 (Flyball, 9D, EV 104.4 MPH)
|
| Bottom of the 5th over - 0 runs, 0 hits, 0 errors, 0 left on base; Detroit (APP) 2 - Princeton 2 |
| TOP OF THE 6TH |
|
Detroit (APP) Tigers batting - Pitching for Princeton Rays : RHP Ruben Requena
|
|
Batting: RHB Brandon O'Malley
|
0-0: Ball 1-0: Ball 2-0: Swinging Strike 2-1: Fly out, F7 (Flyball, 7LM, EV 92.5 MPH)
|
|
Batting: LHB Bill Ford
|
0-0: Ball 1-0: Foul Ball, location: 2F 1-1: Ball 2-1: Foul Ball, location: 2F 2-2: Strikes out looking
|
|
Batting: SHB Sean Foley
|
0-0: Called Strike 0-1: Foul Ball, location: 2F 0-2: Ball 1-2: Foul Ball, location: 2F 1-2: Strikes out swinging
|
| Top of the 6th over - 0 runs, 0 hits, 0 errors, 0 left on base; Detroit (APP) 2 - Princeton 2 |
| BOTTOM OF THE 6TH |
|
Princeton Rays batting - Pitching for Detroit (APP) Tigers : LHP Satoru Mori
|
|
Batting: SHB Lou Kroneman
|
0-0: Reached on error, E6 (Groundball, 6, EV 80.6 MPH)
|
|
Batting: RHB Kunizo Yanagisawa
|
0-0: Ball 1-0: Ball 2-0: Fly out, F9 (Flyball, 9S, EV 86.2 MPH)
|
|
Pitching: RHP Chris Wilkerson
|
|
|
Batting: LHB Josh Redfern
|
0-0: Hit by Pitch
|
|
Pinch Runner at 2nd James Huddleston:
|
|
|
Batting: RHB Jim Erdody
|
0-0: Ground out 5-3 (Groundball, 15, EV 88.8 MPH) James Huddleston to third Josh Redfern to second
|
|
Batting: RHB Chris Thorson
|
0-0: Foul Ball, location: 2F 0-1: Swinging Strike 0-2: Ball 1-2: Ball 2-2: Ball 3-2: Base on Balls
|
|
Batting: SHB Berthold Frey
|
0-0: Foul Ball, location: 2F 0-1: Ball 1-1: Hit by Pitch James Huddleston scores Josh Redfern to third Chris Thorson to second
|
|
Batting: LHB Rocky Crowley
|
0-0: Called Strike 0-1: Fly out, F8 (Flyball, 78D, EV 91.9 MPH)
|
| Bottom of the 6th over - 1 run, 0 hits, 1 error, 3 left on base; Detroit (APP) 2 - Princeton 3 |
| TOP OF THE 7TH |
|
Detroit (APP) Tigers batting - Pitching for Princeton Rays : RHP Ruben Requena
|
|
Now at 3B: James Huddleston
|
|
|
Batting: LHB Tokugoro Adachi
|
0-0: Called Strike 0-1: Foul Ball, location: 2F 0-2: Ball 1-2: Ball 2-2: Strikes out swinging
|
|
Batting: RHB Mike Sebastian
|
0-0: Foul Ball, location: 2F 0-1: Ball 1-1: Ball 2-1: Foul Ball, location: 2F 2-2: Foul Ball, location: 2F 2-2: Ball 3-2: Base on Balls
|
|
Pitching: RHP Takenori Iwata
|
|
|
Batting: RHB Billy Verdusco
|
0-0: Ball Mike Sebastian is caught stealing 2nd base 2-4 1-0: Ball 2-0: Ground out 5-3 (Groundball, 5L, EV 84.4 MPH)
|
| Top of the 7th over - 0 runs, 0 hits, 0 errors, 0 left on base; Detroit (APP) 2 - Princeton 3 |
| BOTTOM OF THE 7TH |
|
Princeton Rays batting - Pitching for Detroit (APP) Tigers : RHP Chris Wilkerson
|
|
Pitching: RHP Jerome Stady
|
|
|
Batting: SHB Wayne Hattan
|
0-0: Called Strike 0-1: SINGLE (Line Drive, 89S, EV 96.9 MPH)
|
|
Batting: RHB Dan Marks
|
0-0: Ball 1-0: Foul Ball, location: 2F 1-1: Ball 2-1: Swinging Strike 2-2: Foul Ball, location: 2F 2-2: Foul Ball, location: 2F 2-2: Fly out, F6 (Line Drive, 6, EV 68.8 MPH)
|
|
Batting: RHB James Huddleston
|
0-0: Ball 1-0: Ball 2-0: Ball 3-0: Called Strike 3-1: SINGLE (Groundball, 6MD, EV 95.0 MPH) Wayne Hattan to second
|
|
Pinch Runner at 2nd Jim Lind:
|
|
|
Batting: RHB Kunizo Yanagisawa
|
0-0: Swinging Strike 0-1: Ball 1-1: Ball 2-1: Foul Ball, location: 2F 2-2: DOUBLE (Groundball, 5D, EV 96.2 MPH) Jim Lind scores James Huddleston to third
|
|
Batting: LHB Josh Redfern
|
0-0: Intentional Walk
|
|
Batting: RHB Jim Erdody
|
0-0: Called Strike 0-1: Grounds into fielders choice 3-2 (Groundball, 3, EV 89.4 MPH) Kunizo Yanagisawa to third Josh Redfern to second
|
|
Batting: RHB Chris Thorson
|
0-0: Ball 1-0: Foul Ball, location: 2F 1-1: Ball 2-1: Ball 3-1: Base on Balls Kunizo Yanagisawa scores Josh Redfern to third Jim Erdody to second
|
|
Batting: SHB Berthold Frey
|
0-0: Ball 1-0: Ground out 4-3 (Groundball, 4, EV 106.2 MPH)
|
| Bottom of the 7th over - 2 runs, 3 hits, 0 errors, 3 left on base; Detroit (APP) 2 - Princeton 5 |
| TOP OF THE 8TH |
|
Detroit (APP) Tigers batting - Pitching for Princeton Rays : RHP Takenori Iwata
|
|
Now at C: Jon Gonzales
|
|
|
Now at 1B: Kunizo Yanagisawa
|
|
|
Batting: RHB Jamie Villagrana
|
0-0: Called Strike 0-1: Foul Ball, location: 2F 0-2: Ball 1-2: Ball 2-2: TRIPLE (Groundball, 3L, EV 101.2 MPH)
|
|
Batting: RHB Cory Wilkins
|
0-0: Foul Ball, location: 2F 0-1: Ground out 6-3 (Groundball, 6M, EV 88.1 MPH) Jamie Villagrana scores
|
|
Batting: RHB Jon Goldstein
|
0-0: Swinging Strike 0-1: Foul Ball, location: 2F 0-2: Ground out 6-3 (Groundball, 6MS, EV 80.6 MPH)
|
|
Batting: RHB Brandon O'Malley
|
0-0: Called Strike 0-1: Ground out 6-3 (Groundball, 6, EV 90.6 MPH)
|
| Top of the 8th over - 1 run, 1 hit, 0 errors, 0 left on base; Detroit (APP) 3 - Princeton 5 |
| BOTTOM OF THE 8TH |
|
Princeton Rays batting - Pitching for Detroit (APP) Tigers : RHP Jerome Stady
|
|
Pitching: RHP Cameron Maxwell
|
|
|
Batting: RHB Jon Gonzales
|
0-0: Ball 1-0: Ball 2-0: Foul Ball, location: 2F 2-1: SINGLE (Groundball, 4D, EV 94.4 MPH)
|
|
Batting: RHB Jim Lind
|
0-0: Swinging Strike 0-1: Called Strike 0-2: Foul Ball, location: 2F 0-2: Foul Ball, location: 2F 0-2: Strikes out swinging
|
|
Batting: RHB Dan Marks
|
0-0: Ball 1-0: Swinging Strike 1-1: Called Strike 1-2: Fielders Choice at 2nd, 5-4 (Groundball, 56, EV 90.6 MPH)
|
|
Batting: RHB James Huddleston
|
0-0: Called Strike Dan Marks steals 2nd base 0-1: Ball 1-1: Foul Ball, location: 2F 1-2: Foul Ball, location: 2F 1-2: SINGLE (Groundball, 6S, EV 65.6 MPH) (infield hit) Dan Marks to third
|
|
Batting: RHB Kunizo Yanagisawa
|
0-0: Ball James Huddleston steals 2nd base 1-0: Swinging Strike 1-1: Ball 2-1: Ball 3-1: Foul Ball, location: 2F 3-2: Foul Ball, location: 2F 3-2: Foul Ball, location: 2F 3-2: Ground out 6-3 (Groundball, 6, EV 88.1 MPH)
|
| Bottom of the 8th over - 0 runs, 2 hits, 0 errors, 2 left on base; Detroit (APP) 3 - Princeton 5 |
| TOP OF THE 9TH |
|
Detroit (APP) Tigers batting - Pitching for Princeton Rays : RHP Takenori Iwata
|
|
Pitching: LHP Parker Martinet
|
|
|
Batting: LHB Bill Ford
|
0-0: Ball 1-0: Called Strike 1-1: Foul Ball, location: 2F 1-2: Strikes out swinging
|
|
Batting: SHB Sean Foley
|
0-0: Ball 1-0: Foul Ball, location: 2F 1-1: Ball 2-1: Ball 3-1: Base on Balls
|
|
Pinch Hitting: RHB Mike Patterson
|
0-0: Foul Ball, location: 2F 0-1: Ball 1-1: Foul Ball, location: 2F 1-2: Foul Ball, location: 2F 1-2: 2-RUN HOME RUN (Flyball, 78XD, EV 105.6 MPH), Distance : 391 ft
|
|
Batting: RHB Mike Sebastian
|
0-0: Called Strike 0-1: Ball 1-1: Called Strike 1-2: Fly out, F2 (Popup, 23F, EV 88.1 MPH)
|
|
Batting: RHB Billy Verdusco
|
0-0: Ball 1-0: Ground out 6-3 (Groundball, 6S, EV 60.6 MPH)
|
| Top of the 9th over - 2 runs, 1 hit, 0 errors, 0 left on base; Detroit (APP) 5 - Princeton 5 |
| |
|
Game Over ... Princeton defeats Detroit (APP), 6 to 5
|
|
|